 Dungeon Crawl Stone Soup version 0.29-a0-1027-gcd8c55af63 (webtiles) character file.

Game seed: 5797886521740253558

53 greenreed the Cudgeller (level 3, 0/33 HPs)
             Began as a Minotaur Monk on Aug 12, 2022.
             Was a Believer of Okawaru.
             Slain by Grinder (7 damage)
             ... on level 3 of the Dungeon.
             The game lasted 00:02:28 (1147 turns).

greenreed the Cudgeller (Minotaur Monk)             Turns: 1147, Time: 00:02:28

Health: 0/33       AC:  5    Str: 17    XL:     3   Next: 64%
Magic:  1/2        EV: 12    Int:  7    God:    Okawaru [**....]
Gold:   55         SH:  0    Dex: 12    Spells: 2/2 levels left

rFire   . . .      SeeInvis .   a - +0 mace
rCold   . . .      Faith    .   (no shield)
rNeg    . . .      Spirit   .   d - +0 ring mail
rPois   .          Reflect  .   (helmet restricted)
rElec   .          Harm     .   (no cloak)
rCorr   .          Rampage  .   (no gloves)
Will    +....                   (no boots)
Stlth   +.........              (no amulet)
HPRegen 0.11/turn               m - ring of willpower
MPRegen 0.08/turn               (no ring)

@: no status effects
A: horns 2, retaliatory headbutt
a: Renounce Religion, Heroism


You were on level 3 of the Dungeon.
You worshipped Okawaru.
Okawaru was pleased with you.
You visited 1 branch of the dungeon, and saw 3 of its levels.

You collected 55 gold pieces.

Inventory:

Hand Weapons
 a - a +0 mace (weapon)
Armour
 b - a +0 robe
 d - a +0 ring mail (worn)
Jewellery
 m - a ring of willpower (left hand)
Scrolls
 f - 2 scrolls of fear {unknown}
 g - a scroll of identify {unknown}
 h - a scroll of butterflies {unknown}
 j - a scroll of silence {unknown}
 l - a scroll of magic mapping {unknown}
 n - a scroll of vulnerability {unknown}
Potions
 c - a potion of ambrosia
 e - a potion of heal wounds {unknown}
 i - a potion of lignification {unknown}
 k - a potion of curing


   Skills:
 + Level 4.0 Fighting
 + Level 4.4 Maces & Flails
 + Level 1.4 Armour
 + Level 3.9 Dodging
 + Level 1.6 Stealth


You had 2 spell levels left.
You didn't know any spells.
Your spell library was empty.

Dungeon Overview and Level Annotations

Branches:
Dungeon (3/15)

Altars:
Okawaru

Annotations:
D:3 Grinder


Innate Abilities, Weirdness & Mutations

You have a pair of horns on your head.
You reflexively headbutt those who attack you in melee.


Message History

You barely miss Grinder.
Grinder zaps a wand.
The roots erupt in riotous growth!
The grasping roots grab you!
Grinder is unaffected.
The grasping roots constrict you.
You hear a shout!
You hit Grinder. Your punch misses Grinder.
Grinder is lightly wounded.
Grinder says, "You look like you could use a good racking."
Grinder closely misses you. The grasping roots constrict you.
An orc comes into view. It is wielding a +0 club.
A hobgoblin comes into view.
You completely miss Grinder.
Grinder is lightly wounded.
Grinder gestures at you.
You suddenly lose the ability to move!
The grasping roots constrict you.
* * * LOW HITPOINT WARNING * * *
The grasping roots release their grip on you.
You feel like a meek peon again. Grinder gestures at you.
You resist with significant effort.
Grinder blinks!
Grinder says, "Don't move a muscle."
Grinder blinks!
You can move again.
It was a potion of curing.
You feel better.
Grinder says, "Just stop there for a second..."
You barely miss the orc. The orc closely misses you. You furiously retaliate!
You headbutt the orc. You hit the orc.
The orc is moderately wounded.
The orc barely misses you. You furiously retaliate!
You headbutt the orc. The hobgoblin hits you.
* * * LOW HITPOINT WARNING * * *
Okay, then.
You completely miss the orc. You headbutt the orc.
The orc is almost dead.
The orc closely misses you.
The hobgoblin hits you but does no damage.
You hit the hobgoblin but do no damage. Grinder hits you!
You die...

....#...#######.#####....
.........................
.<.....<######......#..#
............).......#
..###.#.######.###..# #
#.#.######.####.##.###. .
.....................
##.#.######.............
........o@.##.##.......
#. .......g5...# #......
#. ?.######.##.# ......
...##.# ...... ###.##.#
..#### ...#.. .# #..#..
..#


You could see Grinder, an orc and a hobgoblin.

Vanquished Creatures
  An adder (D:2)
  3 worms (D:2)
  5 endoplasms
  2 giant cockroaches (D:2)
  3 goblins
  3 hobgoblins
  3 jackals (D:2)
  2 kobolds (D:2)
  2 quokkas
  3 ball pythons
  A frilled lizard (D:2)
  2 rats
30 creatures vanquished.

Notes
Turn   | Place    | Note
-------+----------+-------------------------------------------
     0 | D:1      | greenreed the Minotaur Monk began the quest for the Orb.
     0 | D:1      | Reached XP level 1. HP: 19/19 MP: 0/0
   335 | D:1      | Reached XP level 2. HP: 23/27 MP: 1/1
   506 | D:2      | Reached skill level 1 in Armour
   779 | D:2      | Reached XP level 3. HP: 33/33 MP: 2/2
   877 | D:2      | Found a faded altar of an unknown god.
  1037 | D:2      | Prayed at the altar of an unknown god.
  1037 | D:2      | Became a worshipper of Warmaster Okawaru
  1037 | D:2      | Reached * piety under Okawaru
  1037 | D:2      | Reached ** piety under Okawaru
  1127 | D:3      | Noticed Grinder
  1139 | D:3      | Paralysed by Grinder for 3 turns
  1147 | D:3      | Slain by Grinder

Illustrated notes

Levels and vault maps discovered:
D:1:      matt_arrival_los_fun, layout_basic, serial_shops,
          nicolae_shop_behind_doors, hangedman_glass_teeth
D:2:      cheibrodos_greedy_goblins, layout_loops_ring,
          chequers_ecumenical_altar_simple_redux, uniq_crazy_yiuf_cottage
D:3:      layout_basic, uniq_grinder

Skill      XL: |  1  2  3 |
---------------+----------+-----
Maces & Flails | 4 |  4.4
Armour         | 1 |  1.4
Fighting       | 4 |  4.0
Dodging        | |  3.9
Stealth        | |  1.6

Action                   || total
-------------------------++-------
Melee: Mace              ||    74
       Headbutt          ||    13
       Punch             ||     1
Invok: Heroism           ||     1
  Use: Potion            ||     1
Armor: Ring mail         ||    21
Dodge: Dodged            ||    45

Table legend: (Time is in decaauts)
 A = Elapsed time spent in this place.
 B = Non-inter-level travel time spent in this place.
 C = Inter-level travel time spent in this place.
 D = Time resting spent in this place.
 E = Time spent auto-exploring this place.
 F = Levels seen in this place.
 G = Mean time per level.
                   A        B        C        D        E       F      G
               +--------+--------+--------+--------+--------+-----+--------+
         Total |   1159 |   1116 |     43 |      0 |    876 |   3 |  386.3 |
       Dungeon |   1159 |   1116 |     43 |      0 |    876 |   3 |  386.3 |
               +--------+--------+--------+--------+--------+-----+--------+

Top non-repeatable levels by time:
     D:2: 673 daAuts
     D:1: 444 daAuts
     D:3: 41 daAuts
